 Dungeon Crawl Stone Soup version 0.19.1 (webtiles) character file.

296 dobroeutro the Archer (level 6, -17/48 HPs)
             Began as a Centaur Hunter on Dec 3, 2016.
             Demolished by an ogre
             ... wielding a +0 giant club
              (23 damage)
             ... on level 4 of the Dungeon.
             The game lasted 00:04:40 (3371 turns).

dobroeutro the Archer (Centaur Hunter)              Turns: 3371, Time: 00:04:41

Health: -17/48     AC:  6    Str: 15    XL:     6   Next: 12%
Magic:  6/6        EV:  8    Int: 10    God:
Gold:   205        SH:  0    Dex: 11    Spells: 0 memorised, 5 levels left

rFire  . . .     SeeInvis .     t - +2 dagger (venom)
rCold  . . .     Gourm    +     i - +0 ring mail
rNeg   + . .     Faith    .     (no shield)
rPois  .         Spirit   .     (no helmet)
rElec  .         Reflect  .     v - +0 cloak
rCorr  .         Harm     .     (no gloves)
MR     .....                    (no barding)
Stlth  ..........               j - amulet of the gourmand
                                (no ring)
                                e - ring of positive energy

@: very quick
A: hooves 3, deformed body, speed 2, tough skin 3
a: no special abilities


You were on level 4 of the Dungeon.
You were completely stuffed.

You visited 1 branch of the dungeon, and saw 4 of its levels.

You collected 205 gold pieces.

Inventory:

Hand Weapons
 a - a +1 shortbow
 t - a +2 dagger of venom (weapon)
 u - a +3 quarterstaff of chaos
Missiles
 d - 16 arrows
Armour
 i - a +0 ring mail (worn)
 v - a +0 cloak (worn)
Jewellery
 e - a ring of positive energy (left hand)
 j - an amulet of the gourmand (around neck)
 y - an uncursed ring of wizardry {unknown}
Wands
 b - a wand of random effects (28/48)
Scrolls
 h - 7 scrolls of identify {unknown}
 k - a scroll of enchant weapon {unknown}
 m - a scroll of magic mapping {unknown}
 o - a scroll of fear {unknown}
 p - a scroll of random uselessness {unknown}
 w - a scroll of amnesia {unknown}
 x - a scroll of immolation {unknown}
 z - a scroll of recharging {unknown}
Potions
 g - a potion of lignification {unknown}
 l - 2 potions of brilliance
 r - 2 potions of curing
Comestibles
 c - a royal jelly
 f - 3 bread rations
 n - 2 meat rations
 q - 7 fruits
 s - a beef jerky


   Skills:
 - Level 2.0 Fighting
 + Level 9.7 Bows
 - Level 1.3 Dodging
 - Level 0.4 Stealth


You had 5 spell levels left.
You didn't know any spells.

Dungeon Overview and Level Annotations

Branches:
Dungeon (4/15)
 Temple: D:4-7

Altars:
Dithmenos
Gozag
The Shining One


Innate Abilities, Weirdness & Mutations

You have hooves in place of feet.
Armour fits poorly on your strangely shaped body.
You cover ground very quickly.
You have extremely tough skin. (AC +3)


Message History

The ogre looks more healthy.
You hit the ogre. Your kick misses the ogre.
The ogre is moderately wounded.
The ogre hits you with a giant club!!
You hit the ogre.
The ogre is heavily wounded.
The ogre hits you with a giant club!
* * * LOW HITPOINT WARNING * * *
You are too injured to fight recklessly!
You are too injured to fight recklessly!
You barely miss the ogre. You kick the ogre.
The ogre is heavily wounded.
The ogre hits you with a giant club.
* * * LOW HITPOINT WARNING * * *
You hit the ogre. Your kick misses the ogre.
The ogre is severely wounded.
You barely miss the ogre. Your kick misses the ogre.
The ogre is severely wounded.
The ogre hits you with a giant club!!
You die...

# #.# # #......#. #.#.#
.#..#........
#.###.#.###.............
#........####.#.......#
##.#.#.#.####.#......##
#..#.......#...(..###
#.# #o######.####.## #
#.# #O# #. ### # #.# #@#
# # #. #(# # #.# # #.##
#..# ##'## #♣...♣#
#.....# #♣...♣#


You could see an ogre and an orc.

Vanquished Creatures
  A phantom (D:4)
  Crazy Yiuf (D:2)
  An orc wizard (D:3)
  Jessica (D:2)
  Terence (D:2)
  3 adders
  A worm (D:2)
  2 dart slugs
  2 leopard geckos
  5 orcs (D:3)
  5 bats
  A giant cockroach (D:3)
  4 goblins
  6 hobgoblins
  7 jackals (D:2)
  3 quokkas
  3 frilled lizards
  6 kobolds
  A quokka skeleton (D:4)
  7 rats
61 creatures vanquished.

Notes
Turn   | Place    | Note
-------+----------+-------------------------------------------
     0 | D:1      | dobroeutro the Centaur Hunter began the quest for the Orb.
     0 | D:1      | Reached XP level 1. HP: 17/17 MP: 1/1
   725 | D:1      | Reached XP level 2. HP: 22/24 MP: 2/2
   756 | D:1      | Reached skill level 6 in Bows
  1026 | D:2      | Found an opulent altar of Gozag.
  1050 | D:2      | Noticed Terence
  1061 | D:2      | Killed Terence
  1061 | D:2      | Reached XP level 3. HP: 26/29 MP: 3/3
  1095 | D:2      | Reached skill level 7 in Bows
  1353 | D:2      | Found a shadowy altar of Dithmenos.
  1409 | D:2      | Reached XP level 4. HP: 7/36 MP: 4/4
  1787 | D:2      | Noticed Jessica
  1792 | D:2      | Killed Jessica
  1962 | D:2      | Found a runed door.
  2146 | D:2      | Reached skill level 8 in Bows
  2167 | D:2      | Noticed Crazy Yiuf
  2194 | D:2      | Killed Crazy Yiuf
  2274 | D:3      | Reached XP level 5. HP: 17/41 MP: 5/5
  3052 | D:3      | Reached skill level 9 in Bows
  3207 | D:4      | Noticed a phantom
  3236 | D:4      | Killed a phantom
  3236 | D:4      | Reached XP level 6. HP: 35/48 MP: 6/6
  3261 | D:4      | Found a glowing golden altar of the Shining One.
  3371 | D:4      | Demolished by an ogre

Skill      XL: |  1  2  3  4  5 |
---------------+----------------+-----
Bows           | 6 7 8 9 |  9.7
Fighting       | |  2.0
Dodging        | |  1.3
Stealth        | |  0.4

Action                   |  1- 3 |  4- 6 || total
-------------------------+-------+-------++-------
Melee: Short sword       |   133 |     5 ||   138
       Kick              |    24 |    23 ||    47
       Dagger            |       |   100 ||   100
       Quarterstaff      |       |    15 ||    15
 Fire: Shortbow          |    10 |       ||    10
  Use: Potion            |     2 |       ||     2
 Stab: Paralysed         |       |     5 ||     5
  Eat: Chunk             |     7 |     8 ||    15
Armor: Ring mail         |    58 |    48 ||   106
Dodge: Dodged            |    78 |    38 ||   116
